 Dungeon Crawl Stone Soup version 0.22-a0-443-g17c3723 (webtiles) character file.

19784 Gorglomux the Protected (level 12, 0/80 HPs)
             Began as a Gargoyle Fighter on June 1, 2018.
             Was the Champion of Okawaru.
             Slain by a freezing wraith (19 damage)
             ... led by a death knight
             ... on level 14 of the Dungeon.
             The game lasted 00:06:59 (8817 turns).

Gorglomux the Protected (Gargoyle Fighter)          Turns: 8817, Time: 00:06:59

Health: 0/80       AC: 33    Str: 24    XL:     12   Next: 72%
Magic:  16/16      EV:  6    Int:  9    God:    Okawaru [******]
Gold:   190        SH: 14    Dex: 10    Spells: 11/11 levels left

rFire    . . .     SeeInvis .   q - +9 broad axe (vamp) {god gift}
rCold    . . .     Gourm    .   j - +2 shield {AC+3}
rNeg     + . .     Faith    .   G - +0 plate armour
rPois    ∞         Spirit   .   y - +2 helmet
rElec    +         Reflect  .   (no cloak)
rCorr    .         Harm     .   (no gloves)
MR       .....                  (no boots)
Stlth    ..........             r - amulet of regeneration
HPRegen  0.63/turn              o - +3 ring of protection
MPRegen  0.15/turn              C - ring of wizardry

@: slowed, very slow
A: negative energy resistance 1, electricity resistance, unbreathing,
petrification resistance, rot immunity, AC +8
a: Heroism, Finesse, Renounce Religion


You were on level 14 of the Dungeon.
You worshipped Okawaru.
Okawaru was exalted by your worship.
You were not hungry.

You visited 2 branches of the dungeon, and saw 15 of its levels.

You collected 859 gold pieces.
You spent 669 gold pieces at shops.

Inventory:

Hand Weapons
 a - a +1 war axe of freezing
 q - a +9 vampiric broad axe (weapon) {god gift}
 A - a +1 war axe
 K - a +2 mace of crushing
Armour
 j - a +2 shield of protection (worn)
 y - a +2 helmet (worn)
 G - a +0 plate armour (worn)
Jewellery
 o - a +3 ring of protection (left hand)
 r - an amulet of regeneration (around neck)
 C - a ring of wizardry (right hand)
 H - an uncursed amulet of the gourmand {unknown}
 J - an uncursed ring of see invisible {unknown}
 O - an uncursed ring of flight {unknown}
 U - an uncursed ring of magical power {unknown}
 Y - an uncursed ring of protection from magic {unknown}
 Z - an uncursed ring of flight {unknown}
Wands
 D - a wand of digging (25)
 E - a wand of enslavement (4)
 I - a wand of iceblast (15)
 P - a wand of paralysis (45)
Scrolls
 m - 5 scrolls of remove curse
 n - 2 scrolls of fear
 v - 3 scrolls of immolation
 x - a scroll of fog
 z - a scroll of silence {unknown}
 B - a scroll of blinking
 F - a scroll of summoning {unknown}
 M - 2 scrolls of magic mapping
 N - 2 scrolls of enchant armour
 R - 3 scrolls of identify
 S - a scroll of holy word {unknown}
 T - 3 scrolls of teleportation
 X - 3 scrolls of noise
Potions
 d - a potion of might
 l - a potion of cancellation
 p - a potion of degeneration {unknown}
 s - a potion of resistance
 t - 4 potions of agility
 u - 3 potions of haste
 w - 3 potions of heal wounds
 L - 2 potions of lignification
 Q - 4 potions of curing
 V - a potion of brilliance
 W - 3 potions of mutation {unknown}
Comestibles
 f - 18 rations


   Skills:
 + Level 11.2 Fighting
 + Level 9.4 Axes
 + Level 11.3 Armour
 + Level 11.3 Shields
 + Level 6.5 Invocations


You had 11 spell levels left.
You didn't know any spells.
Your spell library contained the following spells:

 Spells                   Type           Power        Failure   Level  Hunger
 Magic Dart               Conj           #...         92%         1    ##.....
 Iskenderun's Mystic Bla  Conj           #.......     100%        4    #####..
 Stone Arrow              Conj/Erth      #.....       100%        3    ####...
 Passwall                 Tmut/Erth      #.......     98%         2    ###....
 Lee's Rapid Deconstruct  Erth           #.........   100%        5    ######.
 Sandblast                Erth           #.....       92%         1    ##.....
 Petrify                  Tmut/Erth      #.......     100%        4    #####..
 Fulminant Prism          Conj/Hex       #.........   100%        4    #####..
 Dazzling Spray           Conj/Hex       #.....       100%        3    ####...
 Force Lance              Conj/Tloc      #.......     100%        4    #####..
 Searing Ray              Conj           #.....       98%         2    ###....


Dungeon Overview and Level Annotations

Branches:
Dungeon (14/15)            Temple (1/1) D:5            Lair (0/6) D:8
    Orc (0/2) D:9
 Vaults: D:13-14

Altars:
Ashenzari
Cheibriados
Dithmenos
Elyvilon
Fedhas
Gozag
Hepliaklqana
Kikubaaqudgha
Makhleb
Nemelex Xobeh
Okawaru
Qazlal
Ru
Sif Muna
Trog
Uskayaw
Vehumet
Wu Jian
Xom
Yredelemnul
Zin
The Shining One

Shops:
D:6 **(   D:12 *


Innate Abilities, Weirdness & Mutations

You are resistant to torment.
Your stone body is resilient. (AC +8)
You are immune to poison.
You resist negative energy. (rN+)
You are resistant to electric shocks. (rElec)
You can survive without breathing.
You are immune to petrification.
You are immune to rotting.


Message History

You are too injured to fight recklessly!!!
A freezing wraith is nearby!!!
You are too injured to fight butt-ly!!!
You are too injured to fight recklessly!!!
You are too injured to fight recklessly!!!
You are too injured to fight recklessly!!!
Unknown command!
A butt wraith is nearby!!!
You are too injured to fight recklessly!!!
You are too injured to fight recklessly!!!
You are too injured to fight recklessly!!!
You are too butt to butt recklessly!!!
Unknown command!
A freezing wraith is nearby!!!
You barely miss the freezing wraith!
The freezing wraith is severely damaged!
You block the freezing wraith's attack! x2; The freezing wraith hits you! * * * don't die
* * * The freezing wraith freezes you!!!!!! rip

#### ..# ..# #.# #W# #@#
### ######.# #.. ..
#......# #.# #. #.####.#
#.# #.## ###.####.# #.#
..# #...)....# #.# #.#
#.#.####.#####.## #.###
#............#..#####....
..........###.#....)..((..


You could see a freezing wraith.

Vanquished Creatures
  The ghost of Gorglomux the Blocker, a journeyman DDFi of Makhleb (D:12)
  A catoblepas (D:14)
  2 two-headed ogres
  A centaur warrior (D:14)
  The ghost of Gorglomux the Fighter, a novice GrBe of Trog (D:9)
  An unseen horror (D:13)
  A deep elf mage (D:12)
  A manticore (D:12)
  An orc sorcerer (D:14)
  The ghost of Gorglomux the Skirmisher, a novice GrBe of Trog (D:6)
  2 cyclopes (D:14)
  3 centaur zombies
  A water nymph (shapeshifter) (D:11)
  Joseph (D:10)
  2 gargoyles
  The ghost of Gorglomux the Skirmisher, a novice GrBe of Trog (D:7)
  An efreet (D:14)
  2 trolls
  Grinder (D:5)
  Prince Ribbit (D:7)
  A hornet (D:14)
  A water elemental (D:14)
  A vampire (D:11)
  A human (D:9)
  4 hogs (D:9)
  3 yaks (D:10)
  6 hungry ghosts
  A basilisk (D:14)
  A water moccasin (D:7)
  5 ice beasts
  7 orc warriors
  3 black bears
  3 sky beasts
  2 eyes of draining
  2 phantoms
  4 centaurs
  6 ogres
  3 big kobolds
  9 bullfrogs
  4 scorpions
  12 wights
  4 killer bees (D:10)
  2 vampire bats (D:4)
  2 electric eels (D:14)
  5 howler monkeys
  5 crimson imps
  A quasit (D:12)
  5 jellies
  16 orc priests
  14 orc wizards
  4 bullfrog skeletons
  3 centaur skeletons
  4 hounds
  4 iguanas
  3 worker ants
  A hound zombie (D:9)
  A hound skeleton (D:11)
  7 gnolls
  A howler monkey zombie (D:9)
  11 adders
  3 river rats (D:7)
  3 shadow imps
  2 adder skeletons
  3 adder zombies
  A dart slug (D:3)
  6 leopard geckos
  70 orcs
  11 bats
  4 giant cockroaches
  2 goblins
  2 hobgoblins
  11 jackals
  3 quokkas
  3 frilled lizards (D:2)
  2 giant cockroach zombies (D:6)
  A jackal skeleton (D:6)
  11 kobolds
  4 rats
  5 plants (D:7)
345 creatures vanquished.

Vanquished Creatures (others)
  5 plants
5 creatures vanquished.

Grand Total: 350 creatures vanquished

Notes
Turn   | Place    | Note
-------+----------+-------------------------------------------
     0 | D:1      | Gorglomux the Gargoyle Fighter began the quest for the Orb.
     0 | D:1      | Reached XP level 1. HP: 14/14 MP: 1/1
   102 | D:2      | Reached XP level 2. HP: 19/19 MP: 2/2
   285 | D:2      | Reached XP level 3. HP: 20/23 MP: 3/3
   508 | D:3      | Reached XP level 4. HP: 29/29 MP: 4/4
   849 | D:4      | Reached XP level 5. HP: 33/33 MP: 5/5
   883 | D:4      | Found the +4 Vampire's Tooth {vamp}
   903 | D:4      | Reached skill level 3 in Axes
  1170 | D:4      | Noticed an ogre
  1175 | D:4      | Killed an ogre
  1175 | D:4      | Reached XP level 6. HP: 22/39 MP: 6/6
  1198 | D:5      | Entered Level 5 of the Dungeon
  1400 | D:5      | Noticed a sky beast
  1414 | D:5      | Killed a sky beast
  1414 | D:5      | Reached XP level 7. HP: 39/44 MP: 7/7
  1501 | D:5      | Noticed Grinder
  1511 | D:5      | Killed Grinder
  1555 | D:5      | Reached XP level 8. HP: 40/51 MP: 8/8
  1622 | D:5      | Found a staircase to the Ecumenical Temple.
  1659 | D:5      | Reached skill level 6 in Fighting
  1659 | D:5      | Reached skill level 6 in Armour
  1659 | D:5      | Reached skill level 6 in Shields
  1700 | Temple   | Entered the Ecumenical Temple
  1861 | Temple   | Became a worshipper of Warmaster Okawaru
  2241 | D:6      | Reached skill level 1 in Invocations
  2294 | D:6      | Found Wutuiser's Assorted Antiques.
  2304 | D:6      | Bought a glowing shield for 172 gold pieces
  2421 | D:6      | Noticed Gorglomux's ghost (novice GrBe)
  2456 | D:6      | Killed Gorglomux's ghost
  2456 | D:6      | Reached * piety under Okawaru
  2456 | D:6      | Reached XP level 9. HP: 50/56 MP: 9/11
  2551 | D:6      | Found Keczivio's Antique Weapon Emporium.
  2751 | D:6      | Reached skill level 3 in Invocations
  2758 | D:6      | Found Voifyubb's Assorted Antiques.
  2761 | D:6      | Bought a scroll labeled EJYTIBA LEFU for 29 gold pieces
  2761 | D:6      | Bought a viscous blue potion for 26 gold pieces
  3130 | D:7      | Reached ** piety under Okawaru
  3164 | D:7      | Noticed Prince Ribbit
  3249 | D:7      | Killed Prince Ribbit
  3336 | D:7      | Noticed Gorglomux's ghost (novice GrBe)
  3465 | D:7      | Killed Gorglomux's ghost
  3465 | D:7      | Reached *** piety under Okawaru
  3465 | D:7      | Reached skill level 6 in Axes
  3696 | D:7      | Reached XP level 10. HP: 32/64 MP: 10/12
  3889 | D:7      | Found a hazy altar of Hepliaklqana.
  4317 | D:8      | Reached **** piety under Okawaru
  4363 | D:8      | Found a staircase to the Lair.
  4978 | D:9      | Found a hazy altar of Hepliaklqana.
  5149 | D:9      | Reached skill level 9 in Armour
  5160 | D:9      | Found a staircase to the Orcish Mines.
  5160 | D:9      | Noticed a two-headed ogre
  5161 | D:9      | Noticed Gorglomux's ghost (novice GrBe)
  5182 | D:9      | Killed a two-headed ogre
  5182 | D:9      | Reached skill level 9 in Fighting
  5182 | D:9      | Reached skill level 9 in Shields
  5210 | D:9      | Killed Gorglomux's ghost
  5210 | D:9      | Reached ***** piety under Okawaru
  5239 | D:9      | Reached XP level 11. HP: 71/71 MP: 13/13
  5414 | D:9      | Found the +6 lightning scales {run, rElec}
  5688 | D:10     | Entered Level 10 of the Dungeon
  6098 | D:10     | Noticed Joseph
  6116 | D:10     | Killed Joseph
  6249 | D:10     | Received a gift from Okawaru
  6713 | D:11     | Noticed a death drake
  6715 | D:11     | a death drake changed into a water nymph
  7404 | D:12     | Found Zuosm's Assorted Antiques.
  7438 | D:12     | Bought a scroll labeled BUIZXU QURUXT for 34 gold pieces
  7438 | D:12     | Bought a potion of haste for 340 gold pieces
  7438 | D:12     | Bought a scroll of identify for 68 gold pieces
  7464 | D:12     | Noticed a manticore
  7480 | D:12     | Killed a manticore
  7607 | D:12     | Noticed a two-headed ogre
  7617 | D:12     | Reached XP level 12. HP: 72/78 MP: 12/15
  7621 | D:12     | Killed a two-headed ogre
  7835 | D:12     | Received a gift from Okawaru
  7854 | D:12     | Noticed Gorglomux's ghost (journeyman DDFi)
  7892 | D:12     | Killed Gorglomux's ghost
  8093 | D:12     | Reached skill level 9 in Axes
  8370 | D:14     | Noticed a catoblepas
  8381 | D:14     | Killed a catoblepas
  8450 | D:14     | Reached skill level 6 in Invocations
  8525 | D:14     | Noticed a centaur warrior
  8572 | D:14     | Killed a centaur warrior
  8572 | D:14     | Reached ****** piety under Okawaru
  8817 | D:14     | Slain by a freezing wraith

Vault maps used:
D:1:      dpeg_arrival_round_a, corexii_item_surrounded_by_moat
D:2:      first_ration, chequers_ecumenical_altar_simple, trog_hazing_becter,
          uniq_jessica
D:4:      minmay_guarded_unrand_vampires_tooth
D:5:      minmay_temple_entry_fiery, uniq_grinder
D:6:      serial_shops, kennysheep_mini_moat, nicolae_shop_overgrown_old_shop,
          nicolae_shop_competitors_out_of_business, columned_hall_lemuel
D:7:      wad_woods_settlement, lemuel_doored_altar, uniq_prince_ribbit1
D:8:      lair_entry_dummy
D:9:      david_orc_2, basic_altar, grunt_livestock
D:10:     uniq_joseph
D:11:     hangedman_decor_peaks_small
D:12:     serial_shops, shop_statue
D:13:     lightli_vaults_fourway_checkpoint, lab_entry_generic, uniq_nessos,
          uniq_sonja
D:14:     enter_bailey_3, chequers_big_river
Temple:   kilobyte_greek_temple

Skill      XL: |  1  2  3  4  5  6  7  8  9 10 11 12 |
---------------+-------------------------------------+-----
Axes           | 2 3 4 5 6 7 8 9 |  9.4
Armour         | 4 5 6 8 9 10 11 | 11.3
Fighting       | 4 5 6 8 9 10 11 | 11.2
Shields        | 4 5 6 8 9 10 11 | 11.3
Invocations    | 2 3 4 6 |  6.5

Action                   |  1- 3 |  4- 6 |  7- 9 | 10-12 || total
-------------------------+-------+-------+-------+-------++-------
Melee: War axe           |    81 |   144 |   371 |   704 ||  1300
       Broad axe         |       |       |       |   132 ||   132
Invok: Heroism           |       |       |     2 |     6 ||     8
       Finesse           |       |       |       |     1 ||     1
  Use: Scroll            |       |       |     3 |    23 ||    26
 Stab: Petrifying        |       |       |       |     1 ||     1
  Eat: Chunk             |       |     2 |     8 |    27 ||    37
       Ration            |       |       |       |     4 ||     4
Armor: Scale mail        |    56 |   125 |   164 |   319 ||   664
       Plate armour      |       |       |       |   118 ||   118
Dodge: Dodged            |    32 |    56 |    98 |   201 ||   387
Block: Shield            |    45 |   119 |   243 |   559 ||   966

Table legend:
 A = Spawn XP
 B = Non-spawn XP
 C = Spawn XP percentage of total XP
 D = Spawn monster count
 E = Non-spawn monster count
 F = Spawn count percentage of total count
 G = Total turns spent on level
                    A         B        C        D         E        F      G
               +---------+---------+-------+---------+---------+-------+---------
         Total |       0 |   28263 |   0.0 |       0 |     340 |   0.0 |  8817
               +---------+---------+-------+---------+---------+-------+---------
           D:1 |       0 |       9 |   0.0 |       0 |       5 |   0.0 |    80
           D:2 |       0 |      28 |   0.0 |       0 |      11 |   0.0 |   330
           D:3 |       0 |      68 |   0.0 |       0 |      15 |   0.0 |   288
           D:4 |       0 |     374 |   0.0 |       0 |      18 |   0.0 |   644
           D:5 |       0 |     925 |   0.0 |       0 |      25 |   0.0 |   642
           D:6 |       0 |    1198 |   0.0 |       0 |      25 |   0.0 |   931
           D:7 |       0 |    2660 |   0.0 |       0 |      47 |   0.0 |  1111
           D:8 |       0 |    1536 |   0.0 |       0 |      26 |   0.0 |   745
           D:9 |       0 |    3822 |   0.0 |       0 |      40 |   0.0 |   715
          D:10 |       0 |    2574 |   0.0 |       0 |      35 |   0.0 |   859
          D:11 |       0 |    2779 |   0.0 |       0 |      34 |   0.0 |   750
          D:12 |       0 |    6007 |   0.0 |       0 |      31 |   0.0 |   922
          D:13 |       0 |    1120 |   0.0 |       0 |       9 |   0.0 |   151
          D:14 |       0 |    5163 |   0.0 |       0 |      19 |   0.0 |   447
               +---------+---------+-------+---------+---------+-------+---------
